 Dungeon Crawl Stone Soup version 0.25.1-8-g42b30a86e7 (webtiles) character file.

Game seed: 7003282257416211316

3064 raphaelitos the Fighter (level 9, -4/96 HPs)
             Began as an Ogre Berserker on Dec 15, 2020.
             Was a Priest of Trog.
             Shot with an arrow by a centaur (10 damage)
             ... on level 7 of the Dungeon.
             The game lasted 00:12:45 (7101 turns).

raphaelitos the Fighter (Ogre Berserker)            Turns: 7101, Time: 00:12:46

Health: -4/96      AC:  4    Str: 25    XL:     9   Next: 88%
Magic:  9/9        EV: 25    Int: 14    God:    Trog [***...]
Gold:   480        SH:  9    Dex:  9    Spells: 8/8 levels left

rFire    + . .     SeeInvis .   l - +6 short sword (distort)
rCold    . . .     Gourm    .   u - +0 kite shield
rNeg     . . .     Faith    .   b - +1 animal skin
rPois    .         Spirit   .   (helmet restricted)
rElec    .         Reflect  .   (no cloak)
rCorr    .         Harm     .   (gloves unavailable)
MR       .....                  (boots unavailable)
Stlth    ++........             w - amulet of the acrobat
HPRegen  0.26/turn              A - +6 ring of intelligence
MPRegen  0.11/turn              t - ring of protection from fire

@: acrobat
A: large, unfitting armour, tough skin 1
a: Berserk, Trog's Hand, Renounce Religion


You were on level 7 of the Dungeon.
You worshipped Trog.
Trog was most pleased with you.
You were near starving.

You visited 1 branch of the dungeon, and saw 7 of its levels.

You collected 480 gold pieces.

Inventory:

Hand Weapons
 i - a +3 vorpal falchion
 j - a +2 vorpal spear
 l - a +6 short sword of distortion (weapon)
Missiles
 e - 85 bolts
 f - 123 arrows
 g - 64 sling bullets
 m - 99 poisoned darts (quivered)
Armour
 b - a +1 animal skin (worn)
 u - a +0 kite shield (worn)
Jewellery
 q - an uncursed ring of protection from cold
 t - a ring of protection from fire (right hand)
 w - an amulet of the acrobat (around neck)
 A - a +6 ring of intelligence (left hand)
 H - a cursed ring of teleportation {unknown}
Wands
 d - a wand of clouds (1)
 C - a wand of digging (5)
 G - a wand of polymorph (7)
Scrolls
 a - a scroll of teleportation
 h - 2 scrolls of immolation
 p - 4 scrolls of remove curse
 y - a scroll of fog
 E - a scroll of brand weapon {unknown}
 F - 2 scrolls of blinking
Potions
 k - 2 potions of haste
 n - 3 potions of curing
 o - a potion of mutation
 r - 2 potions of lignification
 s - 2 potions of stabbing
 v - a potion of cancellation {unknown}
 x - 2 potions of ambrosia {unknown}
 z - a potion of heal wounds {unknown}
 B - 4 potions of invisibility {unknown}
 D - a potion of might {unknown}
Comestibles
 c - 7 rations


   Skills:
 + Level 8.1 Fighting
 + Level 6.8 Short Blades
 + Level 4.6 Polearms
 + Level 0.9 Throwing
 + Level 7.0 Dodging
 + Level 2.7 Stealth
 + Level 3.5 Shields


You had 8 spell levels left.
You didn't know any spells.
Your spell library was empty.

Dungeon Overview and Level Annotations

Branches:
Dungeon (7/15)             Temple (0/1) D:6

Altars:
Dithmenos
Fedhas
Hepliaklqana
Nemelex Xobeh
Qazlal
Vehumet

Shops:
D:7 =


Innate Abilities, Weirdness & Mutations

You are too large for most types of armour.
You have tough skin. (AC +1)


Message History

The centaur hits you!
* * * LOW HITPOINT WARNING * * *
The yak gores you.
* * * LOW HITPOINT WARNING * * *
You completely miss the centaur.
The centaur is severely wounded.
The centaur hits you.
* * * LOW HITPOINT WARNING * * *
You block the centaur's attack.
Unknown command.
Okay, then.
You feel better. You block the yak's attack. You block the centaur's attack.
You hit the centaur.
The centaur is almost dead.
The centaur blinks!
The centaur wields a +0 shortbow.
The centaur shoots an arrow.
The arrow hits you!
* * * LOW HITPOINT WARNING * * *
You block the yak's attack.
The centaur shoots an arrow.
The arrow hits you!
You die...

...###.###.##. #..
.).).......... ... #.#
##..##.###.### #.# #.#
##.)##.# # #.#.# ## #.#
##..##.###.###.#.##### .
#.#
.#..##......?..YY§...#.#
#.#
.#.......#.#####Y###.#.#
#.# .#.......#
#(###..#.####.#
.........#
#@....###.....####
.#.......#
#.###..#..........
........:# #.#
#.#.#.########
.#.####### #c# #.#.#.#
.#.# #.# #.#.#.########
.#.# #.# #.............
.#)# ... ...#>.######..
.#.# #.. ##...^# #.#
.#.# ##.#.# #.#


You could see 3 yaks and a centaur.

Vanquished Creatures
  Pikel (D:6)
  A yak (D:7)
  A steam dragon (D:7)
  An insubstantial wisp (D:7)
  4 sky beasts (D:7)
  An ice beast (D:6)
  4 centaurs
  A black bear (D:7)
  2 ogres
  2 crimson imps (D:5)
  6 hounds
  2 jellies
  3 orc wizards (D:5)
  2 orc priests (D:3)
  A centaur skeleton (D:5)
  Jessica (D:3)
  Ijyb (D:3)
  3 worker ants
  9 adders
  A shadow imp (D:5)
  2 oozes
  2 worms (D:3)
  A dart slug (D:1)
  4 leopard geckos
  14 orcs
  9 bats
  4 giant cockroaches
  7 goblins
  6 hobgoblins
  A quokka (D:5)
  A ball python (D:1)
  2 frilled lizards
  A jackal skeleton (D:4)
  2 kobolds (D:2)
  A leopard gecko skeleton (D:4)
  A quokka zombie (D:5)
  5 rats
110 creatures vanquished.

Vanquished Creatures (others)
  The ghost of WaxSun the Bolt Thrower, an amateur KoHu (D:6)
  An insubstantial wisp (D:7)
  An orc warrior (D:7)
  A centaur (D:5)
  A bullfrog (D:7)
  A scorpion (D:5)
  A crimson imp (D:6)
  An orc priest (D:5)
  2 worker ants
  An ooze (D:2)
  2 orcs
  A quokka (D:2)
  A butterfly (D:6)
15 creatures vanquished.

Grand Total: 125 creatures vanquished

Notes
Turn   | Place    | Note
-------+----------+-------------------------------------------
     0 | D:1      | raphaelitos the Ogre Berserker began the quest for the Orb.
     0 | D:1      | Reached XP level 1. HP: 24/24 MP: 1/1
   202 | D:1      | Reached XP level 2. HP: 32/32 MP: 2/2
   782 | D:1      | Reached XP level 3. HP: 40/40 MP: 3/3
  1070 | D:2      | Reached ** piety under Trog
  1447 | D:2      | Reached XP level 4. HP: 48/49 MP: 4/4
  1707 | D:3      | Noticed Jessica
  1710 | D:3      | Killed Jessica
  1763 | D:3      | Found a faded altar of an unknown god.
  1859 | D:3      | Reached skill level 5 in Fighting
  2287 | D:3      | Noticed Ijyb
  2290 | D:3      | Killed Ijyb
  2290 | D:3      | Reached XP level 5. HP: 57/57 MP: 5/5
  2403 | D:3      | Noticed a centaur
  2412 | D:3      | Killed a centaur
  2412 | D:3      | Reached skill level 1 in Short Blades
  2412 | D:3      | Reached XP level 6. HP: 38/66 MP: 6/6
  3294 | D:4      | Reached skill level 6 in Fighting
  3294 | D:4      | Reached XP level 7. HP: 8/75 MP: 7/7
  3642 | D:4      | Reached skill level 1 in Stealth
  4166 | D:5      | Entered Level 5 of the Dungeon
  4217 | D:5      | Found a sparkling altar of Nemelex Xobeh.
  4291 | D:5      | Reached skill level 5 in Dodging
  4293 | D:5      | Reached XP level 8. HP: 50/84 MP: 8/8
  4307 | D:5      | Reached *** piety under Trog
  4696 | D:5      | Found a radiant altar of Vehumet.
  4730 | D:5      | Reached skill level 7 in Fighting
  5178 | D:6      | Reached skill level 1 in Shields
  5376 | D:6      | Noticed Pikel
  5382 | D:6      | Killed Pikel
  5382 | D:6      | Reached skill level 5 in Short Blades
  5382 | D:6      | Reached XP level 9. HP: 69/93 MP: 9/9
  5482 | D:6      | Found a staircase to the Ecumenical Temple.
  5572 | D:6      | Found a stormy altar of Qazlal.
  5573 | D:6      | Found a hazy altar of Hepliaklqana.
  5575 | D:6      | Found a shadowy altar of Dithmenos.
  5575 | D:6      | Found a blossoming altar of Fedhas.
  5772 | D:6      | Found a large runed translucent door.
  5772 | D:6      | Found a large runed translucent door.
  5775 | D:6      | Noticed WaxSun's ghost (amateur KoHu)
  5957 | D:6      | Banished WaxSun's ghost
  6349 | D:7      | Found Runenoed's Jewellery Emporium.
  6833 | D:7      | Reached skill level 8 in Fighting
  7101 | D:7      | Shot with an arrow by a centaur

Illustrated notes

Levels and vault maps discovered:
D:1:      sevenhm_arrival_forest_fort_small_4, layout_loops_ring
D:2:      layout_basic, hangedman_abyss_or_decor_stabs
D:3:      layout_basic, chequers_ecumenical_altar_twisty, minivault_27,
          uniq_jessica, uniq_ijyb
D:4:      layout_loops_ring
D:5:      layout_rooms, overflow_temple_1_default,
          lemuel_coloured_pillars_altar, first_ration, kennysheep_generic_room_2
D:6:      layout_loops_ring, chequers_temple_overflow_statue_of_worship,
          minmay_temple_entry_butterflies, ebering_ghost_disaster_area,
          uniq_pikel
D:7:      layout_loops_ring, serial_shops, kennysheep_mini, hangedman_misty_isle

Skill      XL: |  1  2  3  4  5  6  7  8  9 |
---------------+----------------------------+-----
Dodging        | 3 4 5 6 7 |  7.0
Polearms       | 4 |  4.6
Fighting       | 5 6 7 8 |  8.1
Short Blades   | 1 2 3 5 6 |  6.8
Stealth        | 1 2 |  2.7
Shields        | 2 3 |  3.5
Throwing       | |  0.9

Action                   |  1- 3 |  4- 6 |  7- 9 || total
-------------------------+-------+-------+-------++-------
Melee: Spear             |    49 |       |       ||    49
       Short sword       |    33 |    89 |   164 ||   286
Throw: Dart              |       |       |     7 ||     7
Invok: Berserk           |       |       |     1 ||     1
  Use: Scroll            |     4 |     8 |     6 ||    18
       Potion            |       |       |     1 ||     1
 Stab: Sleeping          |       |       |     1 ||     1
  Eat: Chunk             |     2 |     5 |     8 ||    15
       Ration            |       |       |     1 ||     1
Armor: Animal skin       |    27 |    14 |    24 ||    65
Dodge: Dodged            |    54 |    69 |    73 ||   196
Block: Kite shield       |       |       |    75 ||    75
